Map: [ESL] Dragon Scales

Players

IGXY (XY)

  • Race: Terran Terran
  • Spawn Location: 5:00

Oliveira - Winner!

  • Race: Terran Terran
  • Spawn Location: 11:00

Event: ESL SC2 Masters 2023 Summer (Regionals)

VOD

Have the link to the VOD?

Description

Time

  • Played on: May 20, 2023, 7:30 a.m.
  • Length: 7:23

All games in this series

Show
View Real Time Build Order
Export as new Build Order

IGXY Terran 

Build Orders:  

Get SALT Encoding   

  12  0:00  SCV  
  13  0:12  SCV  
  14  0:17  Supply Depot  
  14  0:24  SCV  
  15  0:38  SCV  
  15  0:40  Barracks  
  16  0:42  Refinery  
  16  0:50  SCV  
  16  0:54  Refinery  
  17  1:02  SCV  
  18  1:14  SCV  
  19  1:27  Orbital Command, Reaper  
  20  1:32  Supply Depot  
  20  1:40  Factory  
  20  1:52  SCV  
  21  1:59  Reaper  
  22  2:04  SCV  
  23  2:17  Command Center  
  23  2:25  Hellion  
  25  2:31  Reaper  
  25  2:35  SCV  
  27  2:39  Supply Depot  
  27  2:45  Starport  
  27  2:47  SCV  
  27  2:50  Widow Mine  
  30  2:59  SCV  
  30  3:03  Barracks Reactor  
  31  3:12  SCV, Factory Tech Lab  
  32  3:23  Starport Tech Lab  
  32  3:24  SCV  
  33  3:28  Refinery  
  33  3:31  Cyclone  
  36  3:36  SCV  
  36  3:39  Marine x2  
  39  3:41  Orbital Command  
  39  3:48  SCV  
  40  3:55  Raven  
  42  3:57  Marine x2  
  42  4:00  SCV  
  45  4:03  Supply Depot  
  45  4:07  SCV  
  46  4:11  Siege Tank  
  46  4:12  SCV  
  51  4:19  SCV  
  51  4:20  Marine x2  
  53  4:24  SCV  
  53  4:27  Supply Depot  
  53  4:29  Raven  
  53  4:31  SCV  
  57  4:36  SCV  
  57  4:38  Marine x2  
  59  4:43  SCV  
  61  4:49  Siege Tank  
  61  4:50  SCV, Supply Depot  
  65  4:54  Supply Depot  
  65  4:56  SCV  
  68  5:02  SCV  
  69  5:08  Raven, SCV  
  70  5:14  SCV  
  70  5:20  Command Center  
  74  5:21  Siege Tank  
  74  5:24  Marine x2  
  74  5:26  SCV  
  77  5:29  SCV  
  77  5:30  Supply Depot  
  78  5:38  SCV  
  78  5:41  SCV  
  80  5:47  Barracks  
  80  5:48  Starport Reactor  
  80  5:50  SCV  
  80  5:53  SCV, Siege Tank  
  80  5:54  Barracks, Supply Depot  
  85  5:57  Marine  
  85  6:02  SCV  
  87  6:05  SCV, Refinery  
  87  6:07  Engineering Bay  
  87  6:08  Engineering Bay  
  88  6:15  SCV, Marine  
  88  6:17  SCV  
  91  6:25  Siege Tank  
  89  6:30  SCV  
  89  6:31  SCV  
  91  6:34  Starport Reactor  
  88  6:41  Marine x2  
  88  6:42  Barracks Reactor  
  88  6:45  Orbital Command  
  88  6:46  Barracks, SCV  
  80  6:47  Barracks  
  80  6:52  SCV  
  80  6:53  Marine  
  80  6:59  Marine  
  84  7:01  Marine  
Show
View Real Time Build Order
Export as new Build Order

Oliveira Terran - Winner!

Build Orders:  

Get SALT Encoding   

  12  0:00  SCV  
  13  0:12  SCV  
  14  0:17  Supply Depot  
  14  0:24  SCV  
  15  0:38  SCV  
  15  0:40  Barracks  
  16  0:43  Refinery  
  16  0:50  SCV  
  16  0:53  Refinery  
  17  1:03  SCV  
  18  1:15  SCV  
  19  1:28  Orbital Command, Reaper  
  19  1:29  Supply Depot  
  20  1:42  Factory  
  20  1:54  SCV  
  20  2:00  Reaper  
  22  2:07  SCV  
  23  2:21  Command Center  
  23  2:22  SCV  
  24  2:31  Hellion  
  24  2:34  Reaper  
  28  2:37  SCV  
  28  2:38  Supply Depot  
  28  2:49  SCV  
  29  2:53  Factory Tech Lab  
  29  2:58  Starport  
  29  3:01  SCV  
  30  3:12  Cyclone  
  33  3:13  SCV  
  34  3:20  Barracks Reactor  
  34  3:22  Refinery  
  34  3:25  SCV  
  35  3:33  Orbital Command  
  35  3:35  Starport Tech Lab  
  35  3:37  SCV  
  36  3:49  SCV  
  36  3:54  Raven  
  39  3:56  Marine  
  39  3:57  Marine  
  39  3:59  SCV  
  39  4:01  SCV  
  43  4:04  Refinery  
  43  4:06  Siege Tank  
  43  4:09  Supply Depot  
  46  4:11  SCV  
  46  4:13  SCV  
  46  4:14  Marine x2  
  50  4:23  SCV  
  51  4:25  Supply Depot  
  51  4:26  SCV  
  51  4:29  Raven  
  54  4:32  Marine x2  
  54  4:35  SCV  
  54  4:38  SCV, Siege Tank  
  61  4:45  Supply Depot  
  61  4:47  SCV  
  61  4:48  Starport  
  61  4:50  SCV, Marine  
  65  4:59  SCV  
  65  5:03  SCV  
  66  5:10  Siege Tank, Supply Depot  
  66  5:11  SCV  
  69  5:15  Viking x2  
  69  5:20  Marine  
  74  5:22  SCV  
  74  5:23  SCV  
  74  5:24  Viking  
  78  5:30  Supply Depot  
  78  5:33  Supply Depot  
  78  5:36  SCV x2  
  78  5:39  Marine  
  78  5:42  Siege Tank  
  84  5:45  Viking  
  86  5:51  Viking  
  86  5:52  Supply Depot  
  86  5:56  Viking  
  90  5:57  Marine  
  90  6:01  SCV  
  92  6:04  SCV  
  92  6:07  Supply Depot  
  93  6:15  Viking  
  94  6:21  Viking  
  97  6:25  Siege Tank  
  97  6:26  Viking  
  97  6:28  Marine  
  100  6:46  Marine  
  101  6:52  Viking  
  101  6:53  Viking  
  105  6:55  Supply Depot  
  105  6:56  SCV x2  
  110  7:03  Command Center  
  110  7:04  Marine  
Tags
 
Add a new tag
Caveats
  • Supply blocks, unpowered buildings, or Contaminate may cause inaccurate times.
  • Supply counts are checked every 10 seconds.